 Dungeon Crawl Stone Soup version 0.19.1-1-g22dce08 (webtiles) character file.

267 Alarkh the Chopper (level 6, 32/47 HPs)
             Began as a Demonspawn Monk on Jan 4, 2017.
             Quit the game on level 3 of the Dungeon.
             The game lasted 00:04:27 (2880 turns).

Alarkh the Chopper (Demonspawn Monk)                Turns: 2880, Time: 00:04:28

Health: 32/47      AC:  7    Str: 11    XL:     6   Next: 0%
Magic:  6/6        EV: 13    Int: 14    God:
Gold:   163        SH:  0    Dex: 15    Spells: 0 memorised, 5 levels left

rFire  . . .     SeeInvis .     a - +0 hand axe
rCold  x x .     Gourm    .     b - +0 robe
rNeg   . . .     Faith    .     (no shield)
rPois  .         Spirit   +     g - +0 helmet
rElec  .         Reflect  .     (no cloak)
rCorr  .         Harm     .     (no gloves)
MR     .....                    (no boots)
Stlth  ++........               u - amulet of regeneration
                                (no ring)
                                (no ring)

@: no status effects
A: iridescent scales 2, powered by pain 1, magic shield, cold vulnerability 2
a: no special abilities


You were on level 3 of the Dungeon.
You were not hungry.

You visited 1 branch of the dungeon, and saw 3 of its levels.

You collected 163 gold pieces.

Inventory:

Hand Weapons
 a - a +0 hand axe (weapon)
Armour
 b - a +0 robe (worn)
 g - a +0 helmet (worn)
Magical Staves
 w - an uncursed staff of death {unknown}
Jewellery
 u - an amulet of regeneration (around neck)
 y - an uncursed ring of magical power {unknown}
Scrolls
 d - a scroll of amnesia
 e - a scroll of identify {unknown}
 h - a scroll of noise {unknown}
 l - a scroll of enchant armour {unknown}
 m - a scroll of fear {unknown}
 o - a scroll of enchant weapon {unknown}
 p - a scroll of fog {unknown}
 v - a scroll of magic mapping {unknown}
 x - a scroll of remove curse {unknown}
Potions
 f - a potion of resistance
 i - a potion of degeneration {unknown}
 k - a potion of ambrosia {unknown}
 n - a potion of magic {unknown}
 q - 4 potions of lignification
 s - a potion of heal wounds {unknown}
Comestibles
 c - 2 bread rations
 j - 3 beef jerkies
 r - a meat ration
 t - 11 chunks of flesh


   Skills:
 - Level 3.0 Fighting
 + Level 6.1 Axes
 - Level 2.6 Dodging
 - Level 1.7 Stealth


You had 5 spell levels left.
You didn't know any spells.

Dungeon Overview and Level Annotations

Branches:
Dungeon (3/15)

Altars:
Cheibriados
Fedhas
Qazlal
Ru


Innate Abilities, Weirdness & Mutations

You are mostly covered in iridescent scales. (AC +4)
You sometimes gain a little power by taking damage.
When hurt, damage is shared between your health and your magic reserves.
[You are very vulnerable to cold. (rC--)]


Message History

You hit the orc.
The orc is severely wounded.
The orc hits you with a short sword.
You hit the orc but do no damage.
The orc is heavily wounded.
The orc hits you with a short sword.
You hit the orc.
The orc is severely wounded.
The orc hits you with a short sword.
You closely miss the orc.
The orc is severely wounded.
The orc hits you but does no damage.
You hit the orc.
You kill the orc!
You have reached level 6!
Your experience leads to an increase in your attributes!
Increase (S)trength, (I)ntelligence, or (D)exterity?
You feel clever.
Your demonic ancestry asserts itself...
You feel your magical essence form a protective shroud around your flesh.
Are you sure you want to abandon this character and quit the game? (Confirm with "yes".)

....#÷....'.....+....'...........
#..#_#..#########################
#...#...# #.......# ♣♣♣♣♣
######### ♣♣...♣♣ #. ♣♣.....♣♣ #.
♣♣...%...♣♣ #.## ♣.%.)_....♣ ..#
♣♣..)@.....♣♣ ##'###
♣..%.(......♣ #....#
♣.♣..(....♣.♣ #....# ♣ ♣♣♣.(.♣♣♣
#....# ♣♣..(♣♣ #.##.##
♣.....♣♣♣♣♣#.##..#
###.(.(......###.# #.###.######
#.# #.# #..#### #.#


There were no monsters in sight!

Vanquished Creatures
  2 orc priests (D:3)
  Natasha (thrice) (D:3)
  7 adders
  A worm (D:3)
  3 leopard geckos (D:2)
  8 orcs
  3 ball pythons (D:2)
  3 giant cockroaches
  5 goblins
  3 hobgoblins (D:1)
  4 jackals (D:1)
  7 bats
  3 frilled lizards
  6 kobolds
  6 rats
64 creatures vanquished.

Notes
Turn   | Place    | Note
-------+----------+-------------------------------------------
     0 | D:1      | Alarkh the Demonspawn Monk began the quest for the Orb.
     0 | D:1      | Reached XP level 1. HP: 18/18 MP: 1/1
   121 | D:1      | Reached skill level 3 in Axes
   161 | D:1      | Gained mutation: You sometimes gain a little power by taking damage. [demonic ancestry]
   161 | D:1      | Reached XP level 2. HP: 14/24 MP: 2/2
  1118 | D:2      | Reached XP level 3. HP: 26/29 MP: 3/3
  1140 | D:2      | Reached skill level 4 in Axes
  1463 | D:2      | HP: 1/29 [poisoned by an adder]
  1822 | D:2      | Gained mutation: You are partially covered in iridescent scales. (AC +2) [demonic ancestry]
  1822 | D:2      | Reached XP level 4. HP: 32/35 MP: 4/4
  2030 | D:2      | Found a snail-covered altar of Cheibriados.
  2372 | D:3      | Noticed Natasha
  2384 | D:3      | Killed Natasha
  2384 | D:3      | Reached skill level 5 in Axes
  2472 | D:3      | Found a faded altar of an unknown god.
  2483 | D:3      | Became a worshipper of Qazlal Stormbringer
  2483 | D:3      | Reached * piety under Qazlal
  2483 | D:3      | Reached ** piety under Qazlal
  2484 | D:3      | Fell from the grace of Qazlal
  2549 | D:3      | Found a sacrificial altar of Ru.
  2591 | D:3      | Gained mutation: You are mostly covered in iridescent scales. (AC +4) [demonic ancestry]
  2591 | D:3      | Reached XP level 5. HP: 41/41 MP: 5/5
  2694 | D:3      | Noticed Natasha
  2708 | D:3      | Killed Natasha
  2715 | D:3      | Noticed Natasha
  2731 | D:3      | Killed Natasha
  2745 | D:3      | Reached skill level 6 in Axes
  2866 | D:3      | Found a blossoming altar of Fedhas.
  2879 | D:3      | Gained mutation: When hurt, damage is shared between your health and your magic reserves. [demonic ancestry]
  2879 | D:3      | Reached XP level 6. HP: 31/47 MP: 6/6
  2880 | D:3      | Quit the game

Skill      XL: |  1  2  3  4  5 |
---------------+----------------+-----
Axes           | 3 4 5 6 |  6.1
Fighting       | |  3.0
Dodging        | |  2.6
Stealth        | |  1.7

Action                   |  1- 3 |  4- 6 || total
-------------------------+-------+-------++-------
Melee: Hand axe          |   107 |   145 ||   252
Invok: Renounce Religion |       |     1 ||     1
  Use: Scroll            |     1 |       ||     1
       Potion            |       |     3 ||     3
 Stab: Sleeping          |     4 |     2 ||     6
       Invisible         |       |     1 ||     1
  Eat: Chunk             |     3 |     4 ||     7
Armor: Robe              |    32 |    31 ||    63
       Skin              |       |     8 ||     8
Dodge: Dodged            |   101 |    84 ||   185
